 Dungeon Crawl Stone Soup version 0.19.4-8-ga85b6b9 (webtiles) character file.

79 Kiturien the Slasher (level 4, -2/31 HPs)
             Began as a High Elf Skald on Feb 7, 2017.
             Slain by a gnoll
             ... wielding a cursed -3 halberd
              (9 damage)
             ... on level 2 of the Dungeon.
             The game lasted 00:06:36 (1668 turns).

Kiturien the Slasher (High Elf Skald)               Turns: 1668, Time: 00:06:36

Health: -2/31      AC:  6    Str: 12    XL:     4   Next: 17%
Magic:  3/8        EV: 11    Int: 15    God:
Gold:   74         SH:  0    Dex: 15    Spells: 3 memorised, 1 level left

rFire  . . .     SeeInvis .     a - +1 falchion
rCold  . . .     Gourm    .     n - +0 ring mail (curse)
rNeg   . . .     Faith    .     (no shield)
rPois  .         Spirit   .     (no helmet)
rElec  .         Reflect  .     (no cloak)
rCorr  .         Harm     .     (no gloves)
MR     .....                    j - +0 pair of boots
Stlth  +.........               (no amulet)
                                (no ring)
                                (no ring)

@: very slightly contaminated
A: no striking features
a: no special abilities


You were on level 2 of the Dungeon.
You were not hungry.

You visited 1 branch of the dungeon, and saw 2 of its levels.

You collected 74 gold pieces.

Inventory:

Hand Weapons
 a - a +1 falchion (weapon)
Armour
 b - a +0 leather armour
 j - a +0 pair of boots (worn)
 n - a cursed +0 ring mail (worn)
Scrolls
 e - a scroll of recharging {unknown}
 f - a scroll of identify
 i - a scroll of enchant armour {unknown}
 l - a scroll of remove curse {unknown}
Books
 c - a book of Battle

   Spells                             Type                      Level
   a - Infusion                       Charms                       1
   b - Shroud of Golubria             Charms/Translocation         2
   c - Song of Slaying                Charms                       2
   d - Spectral Weapon                Hexes/Charms                 3
   e - Regeneration                   Charms/Necromancy            3
Comestibles
 d - 2 bread rations
 m - a meat ration
 o - a chunk of flesh


   Skills:
 + Level 3.0 Fighting
 + Level 3.9 Long Blades
 + Level 1.4 Armour
 + Level 1.8 Dodging
 - Level 2.4 Spellcasting
 - Level 3.6 Charms


You had one spell level left.
You knew the following spells:

 Your Spells              Type           Power        Failure   Level  Hunger
a - Infusion              Chrm           ##..         12%         1    #......
b - Shroud of Golubria    Chrm/Tloc      #.........   38%         2    ###....
c - Spectral Weapon       Hex/Chrm       #.......     78%         3    ###....


Dungeon Overview and Level Annotations

Branches:
Dungeon (2/15)

Altars:
The Shining One


Message History

Confirm with . or Enter, or press ? or * to list all spells.
Space distorts slightly along a thin shroud covering your body.
You hit the gnoll.
The gnoll is moderately wounded.
Your shroud bends the gnoll's attack away.
You hit the gnoll.
The gnoll is heavily wounded.
The gnoll barely misses you. x2
You hit the gnoll.
You kill the gnoll!
The gnoll hits you but does no damage.
Things that are here:
a club; a gnoll corpse You hit the gnoll.
The gnoll is heavily wounded.
The gnoll misses you.
You hit the gnoll.
The gnoll is severely wounded.
The gnoll hits you with a halberd!
You die...

#.# #..# #.# #... #.#
#.... #### #.# ##### ...#
#.# ...# #.# ##.# #.#
#.################.#
#..)..........g@...#####
#.####.......)...........#
#.##...)..†###############
#..........# ####.......#
###...### #...# #####


You could see a gnoll.

Vanquished Creatures
  2 gnolls (D:2)
  An adder (D:2)
  2 dart slugs
  2 leopard geckos
  5 bats (D:1)
  3 giant cockroaches
  8 goblins
  7 hobgoblins
  4 jackals (D:1)
  3 kobolds
  A frilled lizard (D:1)
  4 rats
42 creatures vanquished.

Vanquished Creatures (others)
  An adder (D:2)
  A kobold (D:2)
2 creatures vanquished.

Grand Total: 44 creatures vanquished

Notes
Turn   | Place    | Note
-------+----------+-------------------------------------------
     0 | D:1      | Kiturien the High Elf Skald began the quest for the Orb.
     0 | D:1      | Reached XP level 1. HP: 14/14 MP: 4/4
   148 | D:1      | Reached XP level 2. HP: 20/20 MP: 6/6
   269 | D:1      | Found a glowing golden altar of the Shining One.
   307 | D:1      | Reached skill level 1 in Armour
   821 | D:1      | Reached XP level 3. HP: 24/25 MP: 2/7
  1405 | D:2      | Learned a level 2 spell: Shroud of Golubria
  1409 | D:2      | Learned a level 3 spell: Spectral Weapon
  1639 | D:2      | Reached XP level 4. HP: 4/31 MP: 1/8
  1668 | D:2      | Slain by a gnoll

Skill      XL: |  1  2  3 |
---------------+----------+-----
Armour         | 1 |  1.4
Long Blades    | 3 |  3.9
Fighting       | 3 |  3.0
Dodging        | |  1.8
Spellcasting   | |  2.4
Charms         | |  3.6

Action                   |  1- 3 |  4- 6 || total
-------------------------+-------+-------++-------
Melee: Falchion          |    91 |     6 ||    97
 Cast: Infusion          |    10 |       ||    10
       Shroud of Golubri |       |     1 ||     1
  Use: Potion            |     1 |       ||     1
       Scroll            |       |     3 ||     3
 Stab: Sleeping          |     1 |       ||     1
  Eat: Chunk             |     3 |       ||     3
Armor: Leather armour    |    18 |       ||    18
       Ring mail         |     4 |     1 ||     5
       Skin              |     2 |       ||     2
Dodge: Dodged            |    71 |     4 ||    75
       Rpst.: Falchion   |    22 |       ||    22
